 Dungeon Crawl Stone Soup version 0.17-a0-1324-ga541562 (webtiles) character file.

8800 Zwobot the Bludgeoner (level 11, -13/109 HPs)
             Began as an Ogre Gladiator on June 9, 2015.
             Was a Priest of Fedhas.
             Mangled by a minotaur
             ... wielding a +7 spear of distortion
              (14 damage)
             ... in a labyrinth.
             The game lasted 01:02:54 (15352 turns).

Zwobot the Bludgeoner (Ogre Gladiator)             Turns: 15352, Time: 01:02:58

Health: -13/109    AC:  4    Str: 28    XL:     11   Next: 36%
Magic:  11/11      EV: 14    Int:  7    God:    Fedhas [***...]
Gold:   809        SH:  0    Dex: 13    Spells: 2 memorised, 6 levels left

rFire  + . .     SeeInvis .     J - +0 giant spiked club
rCold  . . .     Clarity  .     B - +1 robe {rF+}
rNeg   . . .     SustAt   .     (no shield)
rPois  .         Gourm    .     c - +0 hat
rElec  .         Spirit   .     (no cloak)
rCorr  .         Warding  .     (gloves unavailable)
rMut   .         Stasis   .     (boots unavailable)
MR     ++...                    (no amulet)
Stlth  +.........               D - +6 ring of strength
                                t - ring of protection from magic

@: very resistant to hostile enchantments, very unstealthy
A: unfitting armour, tough skin 1, wild magic 1
a: Evolution, Sunlight, Growth, Renounce Religion


You were in a labyrinth.
You worshipped Fedhas.
Fedhas was most pleased with you.
You were full.

You visited 3 branches of the dungeon, and saw 12 of its levels.
You also visited: Labyrinth.

You collected 809 gold pieces.

Inventory:

Hand weapons
 a - a +1 dire flail of draining
 b - a +2 whip of venom
 w - a +0 blowgun
 J - a +0 giant spiked club (weapon)
 L - a +0 giant club
 Q - a +0 morningstar
 Y - a +4 dagger of chaos
Missiles
 d - 3 throwing nets
 g - 4 large rocks (quivered)
 v - 29 tomahawks
 A - 49 poisoned needles
 K - 3 curare-tipped needles
Armour
 c - a +0 hat (worn)
 B - a +1 robe of fire resistance (worn)
 Z - a +1 robe of magic resistance
Jewellery
 t - a ring of protection from magic (left hand)
 D - a +6 ring of strength (right hand)
 T - an uncursed ring of positive energy
 U - an uncursed ring of flight
Magical devices
 l - a wand of heal wounds (3)
 z - a wand of frost (8)
 F - a wand of flame (0)
 R - a wand of fire (7)
Scrolls
 i - a scroll of teleportation
 j - 6 scrolls of remove curse
 k - 2 scrolls of immolation
 n - a scroll of magic mapping
 p - 3 scrolls of recharging {unknown}
 s - 2 scrolls of enchant armour {unknown}
 C - 2 scrolls of enchant weapon {unknown}
 I - 2 scrolls of fog
 P - a scroll of fear {unknown}
 S - 2 scrolls of acquirement {unknown}
 W - 3 scrolls of amnesia {unknown}
Potions
 o - a potion of cancellation {unknown}
 q - 3 potions of brilliance
 u - 2 potions of might
 x - a potion of poison {unknown}
 E - a potion of cure mutation
 G - 3 potions of flight
 N - a potion of lignification
 O - a potion of curing
Books
 y - a book of Clouds

   Spells                             Type                      Level
   a - Mephitic Cloud                 Conjuration/Poison/Air       3
   b - Conjure Flame                  Conjuration/Fire             3
   c - Poisonous Cloud                Conjuration/Poison/Air       6
   d - Freezing Cloud                 Conjuration/Ice/Air          6
   e - Ring of Flames                 Charms/Fire                  7
 M - a book of Spatial Translocations

   Spells                             Type                      Level
   a - Apportation                    Translocation                1
   b - Blink                          Translocation                2
   c - Shroud of Golubria             Charms/Translocation         2
   d - Portal Projectile              Translocation                3
   e - Teleport Other                 Translocation                3
   f - Passage of Golubria            Translocation                4
Miscellaneous
 H - a plain deck of wonders {drawn: 1}
Comestibles
 e - 6 bread rations {@e1}
 m - 8 fruits
 r - 4 meat rations {@e2}
 V - 10 royal jellies
 X - a beef jerky


   Skills:
 - Level 7.0 Fighting
 * Level 17.5 Maces & Flails
 - Level 2.1 Throwing
 + Level 8.3 Dodging


You had 6 spell levels left.
You knew the following spells:

 Your Spells              Type           Power        Failure   Level  Hunger
a - Apportation           Tloc           #.........   63%         1    ##.....
b - Conjure Flame         Conj/Fire      #.......     99%         3    ####...


Dungeon Overview and Level Annotations

Branches:
Dungeon (10/15)            Temple (1/1) D:5            Lair (1/8) D:10
    Orc (0/4) D:10

Altars:
Ashenzari
Cheibriados
Dithmenos
Elyvilon
Fedhas
Gozag
Kikubaaqudgha
Makhleb
Nemelex Xobeh
Okawaru
Qazlal
Ru
Sif Muna
Trog
Vehumet
Xom
Yredelemnul
Zin
The Shining One

Shops:
D:4 (   D:10 (


Innate Abilities, Weirdness & Mutations

You are too large for most types of armour.
You have tough skin (AC +1).
Your spells are a little harder to cast, but a little more powerful.


Message History

Okay, then.
The minotaur hits you with a spear of distortion!
Space bends around you. The minotaur gores you.
You take 21 damage, and have 61/109 hp.
Drink which item? (? for menu, Esc to quit)
Okay, then.
You feel much better.
This wand has 3 charges left.
The minotaur hits you with a spear of distortion!!
Space warps horribly around you! The minotaur gores you.
You take 20 damage, and have 41/109 hp.
You hit the minotaur. The minotaur barely misses you. The minotaur gores you.
You take 5 damage, and have 36/109 hp.
You closely miss the minotaur.
The minotaur hits you with a spear of distortion!!
* * * LOW HITPOINT WARNING * * *
Space bends around you.
* * * LOW HITPOINT WARNING * * *
The minotaur gores you!
You die...
Fedhas appreciates your contribution to the ecosystem.

## ## # ##
# # . . .#.
..# ## #.#.
##.## . #.
... .. #
##.### #
###. # #
.#.......#.
. . #.
.##### #.#.
.# .
#.#.H.#. #.
. # .#
#@#.# .###
#.# #.#.#
.# #.# #.#
#.# # #.#
#.#. #
#.....#.# #
## ###.#.#
..... . #
.. . # ..
#######.##
#


You could see a minotaur.

Vanquished Creatures
  Josephine (D:10)
  Psyche (D:9)
  Prince Ribbit (D:8)
  A two-headed ogre (D:9)
  Sigmund (D:6)
  3 yaks (Lair:1)
  A trapdoor spider (D:10)
  3 fire bats (Lair:1)
  A fire elemental (Lair:1)
  Eustachio (D:5)
  4 wraiths (D:10)
  A wyvern (D:10)
  2 hungry ghosts
  Edmund (D:5)
  3 orc warriors
  A sky beast (D:9)
  A porcupine (Lair:1)
  7 ogres
  A phantom (D:3)
  3 centaurs
  An ice beast (D:8)
  3 crocodiles
  4 giant frogs
  2 scorpions (D:8)
  The ghost of OrbSeeker the Ruffian, a weakling NaTm of Makhleb (D:3)
  3 wights (D:7)
  7 crimson imps
  7 orc priests
  5 hounds
  5 jellies
  Ijyb (D:3)
  2 giant frog skeletons (D:6)
  3 centaur skeletons
  11 orc wizards
  Natasha (thrice) (D:3)
  3 iguanas
  11 worker ants
  A hound skeleton (D:6)
  9 gnolls
  7 shadow imps
  12 adders
  6 oozes
  3 worms
  9 giant geckos
  50 orcs
  8 giant cockroaches
  18 hobgoblins
  8 jackals
  4 quokkas
  2 ball pythons (D:2)
  19 bats
  4 giant newts
  12 goblins
  A jackal skeleton (D:4)
  25 kobolds
  16 rats
324 creatures vanquished.

Vanquished Creatures (collateral kills)
  A hippogriff (D:10)
  A yak (Lair:1)
  An orc warrior (D:10)
  A big kobold (D:7)
  An ogre (D:8)
  A giant frog (Lair:1)
  3 wights (D:7)
  An orc priest (D:9)
  2 orc wizards (D:10)
  An adder (D:9)
  A gnoll (D:8)
  9 orcs
  A goblin (D:7)
  A hobgoblin (D:7)
  A kobold (D:7)
26 creatures vanquished.

Vanquished Creatures (others)
  An orc wizard (D:5)
  A killer bee zombie (D:9)
  2 wandering mushrooms
  145 toadstools
149 creatures vanquished.

Grand Total: 499 creatures vanquished

Notes
Turn   | Place    | Note
--------------------------------------------------------------
     0 | D:1      | Zwobot the Ogre Gladiator began the quest for the Orb.
     0 | D:1      | Reached XP level 1. HP: 22/22 MP: 1/1
   696 | D:1      | Reached XP level 2. HP: 26/31 MP: 2/2
  1590 | D:2      | Reached XP level 3. HP: 21/39 MP: 3/3
  1995 | D:2      | Reached skill level 5 in Maces & Flails
  2566 | D:2      | Reached XP level 4. HP: 48/48 MP: 4/4
  3202 | D:3      | Noticed a phantom
  3250 | D:3      | Killed a phantom
  3250 | D:3      | Reached skill level 7 in Maces & Flails
  3250 | D:3      | Reached XP level 5. HP: 53/55 MP: 5/5
  3336 | D:3      | Noticed Ijyb
  3337 | D:3      | Noticed OrbSeeker's ghost (weakling NaTm)
  3362 | D:3      | Killed OrbSeeker's ghost
  3364 | D:3      | Killed Ijyb
  3364 | D:3      | Reached skill level 8 in Maces & Flails
  3364 | D:3      | Reached XP level 6. HP: 63/63 MP: 6/6
  3440 | D:3      | Noticed Natasha
  3451 | D:3      | Killed Natasha
  3462 | D:3      | Noticed Natasha
  3470 | D:3      | Killed Natasha
  3495 | D:3      | Noticed Natasha
  3497 | D:3      | Killed Natasha
  3581 | D:3      | Gained mutation: Your spells are a little harder to cast, but a little more powerful. [potion of beneficial mutation]
  4925 | D:3      | Reached skill level 9 in Maces & Flails
  5045 | D:3      | Reached XP level 7. HP: 50/71 MP: 7/7
  5178 | D:4      | Found Plog's Antique Weapon Emporium.
  6216 | D:4      | Reached skill level 10 in Maces & Flails
  6371 | D:5      | Entered Level 5 of the Dungeon
  6411 | D:5      | Noticed Eustachio
  6474 | D:5      | Killed Eustachio
  6474 | D:5      | Reached skill level 5 in Fighting
  6727 | D:5      | Found a staircase to the Ecumenical Temple.
  6819 | Temple   | Entered the Ecumenical Temple
  6953 | Temple   | Became a worshipper of Fedhas Madash
  7033 | D:5      | Reached XP level 8. HP: 80/80 MP: 8/8
  7057 | D:5      | Noticed Edmund
  7082 | D:5      | Killed Edmund
  7082 | D:5      | Reached skill level 11 in Maces & Flails
  7262 | D:5      | Found a burning altar of Makhleb.
  7605 | D:5      | Found a bloodstained altar of Trog.
  7787 | D:5      | Found a radiant altar of Vehumet.
  7787 | D:5      | Found a burning altar of Makhleb.
  7879 | D:6      | Noticed Sigmund
  7902 | D:6      | Killed Sigmund
  7902 | D:6      | Reached skill level 12 in Maces & Flails
  7902 | D:6      | Reached XP level 9. HP: 56/92 MP: 9/9
  8320 | D:6      | Acquired Fedhas's first power
  8507 | D:6      | Learned a level 1 spell: Apportation
  8513 | D:6      | Learned a level 3 spell: Conjure Flame
  8555 | D:6      | Found a shattered altar of Ashenzari.
  8555 | D:6      | Found a white marble altar of Elyvilon.
  8622 | D:6      | Reached skill level 5 in Dodging
  9017 | D:7      | Reached skill level 13 in Maces & Flails
  9115 | D:7      | Found an iron altar of Okawaru.
  9404 | D:7      | Found a shadowy altar of Dithmenos.
  9483 | D:8      | Noticed Prince Ribbit
  9490 | D:8      | Killed Prince Ribbit
  9624 | D:8      | Reached skill level 14 in Maces & Flails
  9803 | D:8      | Reached XP level 10. HP: 100/102 MP: 10/10
 10083 | D:8      | Acquired Fedhas's second power
 10376 | D:9      | Reached skill level 15 in Maces & Flails
 10901 | D:9      | Noticed Psyche
 10925 | D:9      | Killed Psyche
 11555 | D:10     | Entered Level 10 of the Dungeon
 11566 | D:10     | Found Zuamulamm's Antique Weapon Shoppe.
 11820 | D:10     | Found a staircase to the Orcish Mines.
 12110 | D:10     | Acquired Fedhas's third power
 12267 | D:10     | Reached skill level 16 in Maces & Flails
 12596 | D:10     | Found a staircase to the Lair.
 12979 | D:10     | Reached XP level 11. HP: 72/109 MP: 11/11
 13125 | D:10     | Noticed Josephine
 13153 | D:10     | Killed Josephine
 13153 | D:10     | Reached skill level 17 in Maces & Flails
 13699 | Lair:1   | Entered Level 1 of the Lair of Beasts
 13855 | Lair:1   | Found a labyrinth entrance.
 13866 | Lab      | Entered a labyrinth
 15348 | Lab      | Noticed a minotaur
 15352 | Lab      | HP: 1/109 [minotaur/spear of distortion (7)]
 15352 | Lab      | Mangled by a minotaur

Vault maps used:
D:1:      minmay_arrival_five_plusses, roderic_lattice_a,
          minmay_misc_feat_hallway
D:2:      forest_paths, first_bread, minmay_distorted
D:3:      uniq_natasha, uniq_iyjb
D:4:      serial_shops, shop, amalloy_card_club
D:5:      nicolae_overflow_crystal_walls,
          grunt_temple_overflow_lords_of_destruction,
          minmay_temple_entry_nine_rooms, grunt_ministairs_2,
          kennysheep_flooded_box, uniq_edmund, uniq_eustachio
D:6:      gammafunk_temple_overflow_statue, corexii_corridor_pit, uniq_sigmund
D:7:      nicolae_overflow_hidden_temple, kennysheep_mini_moat
D:8:      hangedman_little_slice_of_home, uniq_prince_ribbit1
D:9:      uniq_psyche
D:10:     lair_0_dummy, hiddenorc2_lemuel, serial_shops, shop_coins,
          nicolae_two_hexagons, uniq_josephine
Temple:   circular_temple_pool_12
Lair:1:   lab_entry_generic, guppyfry_lair_drakes
Lab:      labyrinth_spiral

Action                   |  1- 3 |  4- 6 |  7- 9 | 10-12 || total
-------------------------+-------+-------+-------+-------++-------
Melee: Flail             |   126 |    22 |       |       ||   148
       Morningstar       |       |   150 |   268 |       ||   418
       Whip              |       |    14 |    28 |       ||    42
       Dire flail        |       |       |   101 |   291 ||   392
       Giant spiked club |       |       |       |    33 ||    33
 Fire: Blowgun           |       |       |    54 |    22 ||    76
Throw: Stone             |     2 |     5 |       |       ||     7
       Tomahawk          |     7 |    15 |    13 |     2 ||    37
       Throwing net      |     1 |     3 |       |       ||     4
       Large rock        |       |       |       |     6 ||     6
Invok: Evolution         |       |       |     2 |     3 ||     5
       Sunlight          |       |       |       |     1 ||     1
Evoke: Wand              |       |       |       |     2 ||     2
       Deck              |       |       |       |     1 ||     1
  Use: Scroll            |       |     8 |     3 |     7 ||    18
       Potion            |       |     4 |     2 |     1 ||     7
 Stab: Sleeping          |     4 |       |     6 |     2 ||    12
       Held in net/web   |     1 |     1 |       |       ||     2
       Distracted        |       |       |     1 |       ||     1
       Confused          |       |       |       |     1 ||     1
  Eat: Chunk             |     5 |     7 |    11 |    11 ||    34
       Beef jerky        |       |     1 |     2 |     3 ||     6
       Pizza             |       |       |     2 |       ||     2
       Bread ration      |       |       |       |     2 ||     2
